 Dungeon Crawl Stone Soup version 0.23-a0-767-gdc19b93d68 (webtiles) character file.

92742 HELP the Shatterer (level 15, 0/217 HPs)
             Began as a Minotaur Berserker on Jan 22, 2019.
             Was the Champion of Trog.
             Succumbed to Agnes's poison
             ... on level 1 of the Elven Halls on Jan 23, 2019.
             The game lasted 01:32:55 (22861 turns).

HELP the Shatterer (Minotaur Berserker)            Turns: 22861, Time: 01:32:55

Health: 0/217      AC: 22    Str: 33    XL:     15   Next: 58%
Magic:  4/4        EV:  9    Int:  4    God:    Trog [******]
Gold:   2561       SH:  4    Dex: 10    Spells: 14/14 levels left

rFire    . . .     SeeInvis .   a - +7 great mace (antimagic)
rCold    . . .     Gourm    .   (shield currently unavailable)
rNeg     . . .     Faith    .   J - +0 plate armour
rPois    .         Spirit   .   o - +2 hat {MR+}
rElec    .         Reflect  +   D - scarf {cloud immunity}
rCorr    .         Harm     .   N - +1 pair of gloves of Generosity {MR++ Stlth+}
MR       +++++     Clarity  +   E - +0 pair of boots
Stlth    ..........             x - +4 amulet of reflection
HPRegen  1.86/turn              (no ring)
MPRegen  0.09/turn              Z - ring of protection from magic

@: berserking (expiring), lethally poisoned (0 -> -47), regenerating, very quick
A: retaliatory headbutt, horns 2, clarity, regeneration 1
a: Berserk, Trog's Hand, Brothers in Arms, Renounce Religion


You were on level 1 of the Elven Halls.
You worshipped Trog.
Trog was exalted by your worship.
You were not hungry.

You visited 4 branches of the dungeon, and saw 22 of its levels.
You also visited: Bailey and Volcano.

You collected 2561 gold pieces.

Inventory:

Hand Weapons
 a - a +7 antimagic great mace (weapon)
 b - a +0 hunting sling of velocity
 m - a +0 demon whip of pain
 H - a +2 great mace of holy wrath
Missiles
 f - 165 sling bullets
 C - 8 tomahawks (quivered)
 P - 4 tomahawks of dispersal
 Q - 64 tomahawks of returning
 T - 2 throwing nets
 U - 4 exploding tomahawks
Armour
 o - a +2 hat of magic resistance (worn)
 A - +0 acid dragon scales
 D - a scarf of cloud immunity (worn)
 E - a +0 pair of boots (worn)
 J - a +0 plate armour (worn)
 N - the +1 pair of gloves of Generosity (worn) {MR++ Stlth+}
   (You acquired it on level 2 of the Lair of Beasts)

   It affects your resistance to hostile enchantments.
   It makes you more stealthy.
 S - +0 fire dragon scales
Jewellery
 x - a +4 amulet of reflection (around neck)
 L - the amulet "Sapnoa" {Spirit rElec rN+ Dex+2}
   (You found it on level 7 of the Dungeon)

   [amulet of guardian spirit]

   It causes incoming damage to be split between your health and magic.
   It affects your dexterity (+2).
   It insulates you from electricity.
   It protects you from negative energy.
 Z - a ring of protection from magic (right hand)
Wands
 l - a wand of polymorph (31)
 p - a wand of disintegration (24)
 t - a wand of digging (3)
 y - a wand of iceblast (7)
 z - a wand of enslavement (12)
 V - a wand of random effects (6)
Scrolls
 d - 8 scrolls of teleportation
 e - 11 scrolls of identify
 j - 10 scrolls of remove curse
 u - 4 scrolls of enchant armour
 v - a scroll of brand weapon
 w - 7 scrolls of immolation
 F - 7 scrolls of blinking
 M - a scroll of fear
 X - a scroll of magic mapping
Potions
 g - 5 potions of might
 i - 3 potions of haste
 k - 2 potions of agility
 n - 6 potions of magic
 q - 6 potions of brilliance
 B - 4 potions of flight
 G - 5 potions of curing
 I - 4 potions of cancellation
 K - 5 potions of heal wounds
 Y - 2 potions of resistance
Miscellaneous
 h - a sack of spiders
 s - a lightning rod (4/4)
 R - a box of beasts
 W - a lightning rod (4/4)
Comestibles
 c - 42 rations
 r - 10 chunks of flesh


   Skills:
 + Level 16.3 Fighting
 * Level 21.7 Maces & Flails
 - Level 8.1 Throwing
 + Level 14.0 Armour
 - Level 2.1 Dodging


You had 14 spell levels left.
You didn't know any spells.
Your spell library contained the following spells:

 Spells                   Type           Power        Failure   Level  Hunger
 Animate Skeleton         Necr           N/A          96%         1    ##.....
 Apportation              Tloc           #.....       96%         1    ##.....
 Beastly Appendage        Tmut           #.....       96%         1    ##.....
 Confusing Touch          Hex            #.....       96%         1    ##.....
 Corona                   Hex            #......      96%         1    ##.....
 Freeze                   Ice            #...         96%         1    ##.....
 Sting                    Conj/Pois      #...         96%         1    ##.....
 Summon Butterflies       Summ           #.......     96%         1    ##.....
 Summon Small Mammal      Summ           #...         96%         1    ##.....
 Ensorcelled Hibernation  Hex/Ice        #.....       99%         2    ###....
 Poisonous Vapours        Pois/Air       #.....       99%         2    ###....
 Slow                     Hex            #.......     99%         2    ###....
 Sticks to Snakes         Tmut           #.......     99%         2    ###....
 Throw Frost              Conj/Ice       #.....       99%         2    ###....
 Call Canine Familiar     Summ           #.......     100%        3    ####...
 Confuse                  Hex            #.......     100%        3    ####...
 Conjure Flame            Conj/Fire      #.......     100%        3    ####...
 Dazzling Spray           Conj/Hex       #.....       100%        3    ####...
 Gell's Gravitas          Tloc           #.........   100%        3    ####...
 Inner Flame              Hex/Fire       #.......     100%        3    ####...
 Lesser Beckoning         Tloc           #.........   100%        3    ####...
 Mephitic Cloud           Conj/Pois/Air  #.......     100%        3    ####...
 Ozocubu's Armour         Chrm/Ice       #.......     100%        3    ####...
 Portal Projectile        Hex/Tloc       #.....       100%        3    ####...
 Spider Form              Tmut/Pois      #.........   100%        3    ####...
 Tukima's Dance           Hex            #.......     100%        3    ####...
 Cause Fear               Hex            #.........   100%        4    #####..
 Ice Form                 Ice/Tmut       #.......     100%        4    #####..
 Leda's Liquefaction      Hex/Erth       #.........   100%        4    #####..
 Olgreb's Toxic Radiance  Pois           #.......     100%        4    #####..
 Petrify                  Tmut/Erth      #.......     100%        4    #####..
 Summon Ice Beast         Ice/Summ       #.......     100%        4    #####..
 Throw Icicle             Conj/Ice       #.......     100%        4    #####..
 Alistair's Intoxication  Tmut/Pois      #.......     100%        5    ######.
 Blade Hands              Tmut           #.........   100%        5    ######.
 Irradiate                Conj/Tmut      #.........   100%        5    ######.
 Metabolic Englaciation   Hex/Ice        #.........   100%        5    ######.
 Summon Mana Viper        Hex/Summ       #.......     100%        5    ######.
 Venom Bolt               Conj/Pois      #.........   100%        5    ######.
 Yara's Violent Unravell  Hex/Tmut       #.........   100%        5    ######.
 Freezing Cloud           Conj/Ice/Air   #.........   100%        6    #######
 Hydra Form               Tmut           #.........   100%        6    #######
 Invisibility             Hex            #.......     100%        6    #######
 Statue Form              Tmut/Erth      #........    100%        6    #######
 Dragon Form              Tmut           #.........   100%        7    #######
 Ring of Flames           Chrm/Fire      #.........   100%        7    #######
 Summon Hydra             Summ           #.........   100%        7    #######


Dungeon Overview and Level Annotations

Branches:
Dungeon (13/15)            Temple (0/1) D:6            Lair (6/6) D:11
  Swamp (0/4) Lair:2        Snake (0/4) Lair:4        Slime (0/5) Lair:5
    Orc (2/2) D:12            Elf (1/3) Orc:2
 Vaults: D:13-14

Altars:
Cheibriados
Makhleb
Nemelex Xobeh
Okawaru
Qazlal
Sif Muna
Trog
Vehumet
Yredelemnul
Beogh
Jiyva

Shops:
D:4 }   D:8 }   D:11 }   D:13 (   Orc:1 (   Orc:2 !*(%


Innate Abilities, Weirdness & Mutations

You reflexively headbutt those who attack you in melee.
You have a pair of horns on your head.
You possess an exceptional clarity of mind.
Your natural rate of healing is unusually fast.


Message History

* * * LOW HITPOINT WARNING * * *
You are more poisoned.
You hit Agnes. Your headbutt misses Agnes.
Agnes is heavily wounded.
* * * LOW HITPOINT WARNING * * *
You feel very sick.
Agnes hits you with a +0 lajatang of venom.
* * * LOW HITPOINT WARNING * * *
You are more poisoned.
You are too berserk!
You crush Agnes like a grape!!! You headbutt Agnes!!
You kill Agnes!
Trog accepts your kill.
Your Armour skill increases to level 14!
* * * LOW HITPOINT WARNING * * *
You feel very sick.
* * * LOW HITPOINT WARNING * * *
You feel very sick.
You feel a strong urge to attack something.
You die...

##+# ##...##
##.....##
##.......## .#
#(........####...
+.....)...+......
#......@...(.....
##..####..####.. #
#........#
#.#..####..#
#.#.#...)#.#..
#...#.(#.#...#
#...#(#..#.....
##:#.#..).#.#.....
#..#.(####..#.#.##


There were no monsters in sight!

Vanquished Creatures
  Asterion (Elf:1)
  Agnes (Elf:1)
  Kirke (Elf:1)
  Snorg (Orc:1)
  A deep elf high priest (D:13)
  Fannar (Lair:2)
  The ghost of Wuuth the Fighter, a journeyman DrIE of Vehumet (Lair:1)
  12 hydras
  A centaur warrior (D:13)
  2 dancing weapons (Elf:1)
  2 tengu warriors (D:12)
  An ogre mage (D:12)
  7 two-headed ogres
  A hell knight (Volcano)
  A deep elf knight (Elf:1)
  The ghost of Tinylith the Destroyer, a novice DrCj of Sif Muna (D:10)
  A skeletal warrior (D:13)
  A salamander mystic (Volcano)
  5 unseen horrors
  5 deep elf archers (Elf:1)
  A lindwurm (Lair:1)
  A flayed ghost (D:13)
  2 oklob plants (Lair:2)
  6 orc sorcerers
  10 deep elf magi
  A manticore (D:13)
  4 ugly things
  6 salamanders (Volcano)
  3 elephants (Lair:6)
  Joseph (D:7)
  8 black mambas
  2 torpor snails
  12 spiny frogs
  2 gargoyles
  4 rime drakes
  3 polar bears
  3 trolls
  A slime creature (D:13)
  11 blink frogs
  12 dream sheep (Lair:5)
  12 hippogriffs
  A centaur simulacrum (D:13)
  An air elemental (Elf:1)
  8 spriggans (Lair:1)
  2 shadows
  2 wyverns
  53 yaks
  A vampire (D:13)
  8 wraiths
  4 basilisks
  2 hungry ghosts
  6 wargs
  25 water moccasins
  2 acid dragons
  13 porcupines
  14 orc warriors
  A black bear (shapeshifter) (D:13)
  An eye of draining (D:11)
  3 ice beasts
  3 phantoms
  2 sky beasts
  4 black bears
  22 ogres
  12 wolves
  5 centaurs
  15 crocodiles
  A big kobold (D:13)
  16 bullfrogs
  4 gnoll sergeants (D:7)
  2 water moccasin zombies
  2 wyvern skeletons
  9 scorpions
  10 killer bees (D:9)
  14 wights
  9 howler monkeys
  12 crimson imps
  A centaur zombie (D:8)
  15 hounds
  A quasit (D:7)
  Crazy Yiuf (D:2)
  2 bullfrog zombies
  18 orc priests
  6 jellies
  36 orc wizards
  3 bullfrog skeletons
  Ijyb (D:4)
  A centaur skeleton (D:5)
  3 gnoll shamans (D:7)
  3 iguanas (Lair:2)
  Natasha (thrice) (D:4)
  9 worker ants
  A mummy (D:7)
  Robin (D:2)
  A howler monkey zombie (D:6)
  A worker ant zombie (D:11)
  39 gnolls
  19 adders
  A shadow imp (D:8)
  3 oozes
  An adder zombie (D:5)
  An adder skeleton (D:4)
  6 worms
  3 dart slugs
  4 leopard geckos
  77 orcs
  4 giant cockroaches
  13 goblins
  20 hobgoblins
  20 jackals
  8 quokkas
  2 ball pythons
  A ball python skeleton (D:4)
  11 bats
  2 frilled lizards
  A jackal zombie (D:8)
  23 kobolds
  11 rats
  A plant (Lair:2)
819 creatures vanquished.

Vanquished Creatures (others)
  3 humans (Elf:1)
  An orc wizard (Orc:2)
  A hobgoblin (Bailey)
  A kobold (Bailey)
  8 fungi
  3 plants (D:12)
17 creatures vanquished.

Grand Total: 836 creatures vanquished

Notes
Turn   | Place    | Note
-------+----------+-------------------------------------------
     0 | D:1      | HELP the Minotaur Berserker began the quest for the Orb.
     0 | D:1      | Reached XP level 1. HP: 19/19 MP: 0/0
    61 | D:1      | Reached skill level 4 in Maces & Flails
   177 | D:1      | Reached XP level 2. HP: 27/27 MP: 1/1
   779 | D:2      | Found a sparkling altar of Nemelex Xobeh.
   862 | D:2      | Reached XP level 3. HP: 24/33 MP: 2/2
   899 | D:2      | Reached ** piety under Trog
   912 | D:2      | Found a radiant altar of Vehumet.
  1127 | D:2      | Found a runed door.
  1131 | D:2      | Noticed Crazy Yiuf
  1136 | D:2      | Killed Crazy Yiuf
  1136 | D:2      | Reached skill level 5 in Maces & Flails
  1136 | D:2      | Reached XP level 4. HP: 28/41 MP: 3/3
  1548 | D:2      | Noticed Robin
  1562 | D:2      | Killed Robin
  1562 | D:2      | Reached skill level 6 in Maces & Flails
  1571 | D:2      | Reached XP level 5. HP: 38/47 MP: 4/4
  1815 | D:3      | Reached skill level 5 in Fighting
  2241 | D:3      | Found an iron altar of Okawaru.
  2328 | D:3      | Found a stormy altar of Qazlal.
  2328 | D:3      | Found a bloodstained altar of Trog.
  2662 | D:4      | Noticed Natasha
  2665 | D:4      | Killed Natasha
  2665 | D:4      | Reached *** piety under Trog
  2723 | D:4      | Noticed an ogre
  2724 | D:4      | Found Wihuizan's Gadget Boutique.
  2747 | D:4      | Noticed an ogre
  2751 | D:4      | Noticed Natasha
  2757 | D:4      | Killed an ogre
  2757 | D:4      | Received a gift from Trog
  2757 | D:4      | Reached skill level 7 in Maces & Flails
  2757 | D:4      | Reached XP level 6. HP: 31/56 MP: 5/5
  2757 | D:4      | Killed Natasha
  3178 | D:4      | Reached skill level 8 in Maces & Flails
  3178 | D:4      | Reached XP level 7. HP: 44/63 MP: 6/6
  3311 | D:4      | Found a deep blue altar of Sif Muna.
  3501 | D:4      | Noticed Ijyb
  3533 | D:4      | Killed Ijyb
  3633 | D:4      | Noticed Natasha
  3637 | D:4      | Killed Natasha
  3980 | D:5      | Entered Level 5 of the Dungeon
  4021 | D:5      | Reached skill level 9 in Maces & Flails
  4292 | D:5      | Reached XP level 8. HP: 60/73 MP: 7/7
  4530 | D:5      | Reached skill level 10 in Maces & Flails
  4814 | D:5      | Reached **** piety under Trog
  5517 | D:6      | Reached skill level 11 in Maces & Flails
  5941 | D:6      | Found a staircase to the Ecumenical Temple.
  6064 | D:7      | Reached XP level 9. HP: 28/82 MP: 8/8
  6090 | D:6      | Reached skill level 12 in Maces & Flails
  6577 | D:7      | Got a transparent silver amulet
  6594 | D:7      | Found a snail-covered altar of Cheibriados.
  6782 | D:7      | Reached skill level 13 in Maces & Flails
  6890 | D:7      | Reached skill level 10 in Fighting
  6916 | D:7      | Found a basalt altar of Yredelemnul.
  6956 | D:7      | Reached ***** piety under Trog
  6984 | D:7      | Reached XP level 10. HP: 80/93 MP: 9/9
  7269 | D:7      | Reached skill level 5 in Armour
  7298 | D:7      | Noticed Joseph
  7318 | D:7      | Killed Joseph
  7684 | D:8      | Reached skill level 14 in Maces & Flails
  7989 | D:8      | Found Paguceusai's Gadget Shoppe.
  8262 | D:9      | Identified the amulet "Sapnoa" {Spirit rElec rN+ Dex+2}
                  | (You found it on level 7 of the Dungeon)
  8454 | D:9      | Received a gift from Trog
  8702 | D:9      | Reached skill level 15 in Maces & Flails
  8821 | D:9      | Reached XP level 11. HP: 88/102 MP: 10/10
  9185 | D:10     | Entered Level 10 of the Dungeon
  9186 | D:10     | Identified a scroll of acquirement
  9482 | D:10     | Found a flagged portal.
  9499 | Bailey   | Entered a bailey
  9612 | Bailey   | Received a gift from Trog
 10432 | D:10     | Found a runed gate.
 10433 | D:10     | Found a runed gate.
 10434 | D:10     | Found a runed gate.
 10435 | D:10     | Noticed Tinylith's ghost (novice DrCj)
 10483 | D:10     | Killed Tinylith's ghost
 10483 | D:10     | Reached skill level 16 in Maces & Flails
 10673 | D:11     | Killed an unseen horror
 10922 | D:11     | Found a staircase to the Lair.
 10995 | D:11     | Killed an unseen horror
 11043 | D:11     | Reached XP level 12. HP: 89/113 MP: 11/11
 11278 | D:11     | Reached skill level 1 in Throwing
 11442 | D:11     | Received a gift from Trog
 11454 | D:11     | Found Nyruqip's Gadget Shop.
 11794 | D:11     | Reached ****** piety under Trog
 12049 | D:12     | Reached skill level 5 in Throwing
 12050 | D:12     | Noticed a two-headed ogre
 12058 | D:12     | Killed a two-headed ogre
 12281 | D:12     | Received a gift from Trog
 12293 | D:12     | Found a burning altar of Makhleb.
 12341 | D:12     | Found a staircase to the Orcish Mines.
 12553 | D:12     | Noticed a tengu warrior
 12561 | D:12     | Killed a tengu warrior
 12822 | D:12     | Noticed a tengu warrior
 12823 | D:12     | Noticed a two-headed ogre
 12827 | D:12     | Killed a two-headed ogre
 12843 | D:12     | Gained mutation: Your natural rate of healing is unusually
                  | fast. [potion of mutation]
 12843 | D:12     | Gained mutation: You possess an exceptional clarity of
                  | mind. [potion of mutation]
 12858 | D:12     | Killed a tengu warrior
 12901 | D:12     | Noticed an ogre mage
 12905 | D:12     | Noticed a two-headed ogre
 12910 | D:12     | Killed a two-headed ogre
 12910 | D:12     | Reached skill level 17 in Maces & Flails
 13060 | D:12     | Received a gift from Trog
 13112 | D:12     | Noticed a two-headed ogre
 13118 | D:12     | Killed a two-headed ogre
 13124 | D:12     | Killed an ogre mage
 13265 | D:12     | Noticed a two-headed ogre
 13273 | D:12     | Killed a two-headed ogre
 13489 | D:13     | Noticed a two-headed ogre
 13495 | D:13     | Killed a two-headed ogre
 13495 | D:13     | Reached XP level 13. HP: 120/122 MP: 4/12
 13616 | D:13     | Found Tiroemi's Antique Weapon Boutique.
 13773 | D:13     | Reached skill level 10 in Armour
 13817 | D:13     | Reached skill level 18 in Maces & Flails
 14505 | Lair:1   | Entered Level 1 of the Lair of Beasts
 14630 | Lair:1   | Found a transporter.
 14630 | Lair:1   | Noticed Wuuth's ghost (journeyman DrIE)
 14631 | Lair:1   | Found a transporter.
 15588 | Lair:1   | Received a gift from Trog
 15597 | Lair:1   | Killed Wuuth's ghost
 15757 | Lair:2   | Found a dark tunnel.
 15762 | Volcano  | Entered a volcano
 15781 | Volcano  | Found a radiant altar of Vehumet.
 15786 | Volcano  | Reached skill level 19 in Maces & Flails
 15993 | Volcano  | Lost intelligence.
 16032 | Volcano  | Received a gift from Trog
 16223 | Lair:2   | Found a staircase to the Swamp.
 16326 | Lair:2   | Got a pair of scorched gloves
 16332 | Lair:2   | Identified the +1 pair of gloves of Generosity {MR++
                  | Stlth+} (You acquired it on level 2 of the Lair of Beasts)
 16386 | Lair:2   | Noticed Fannar
 16391 | Lair:2   | Reached XP level 14. HP: 127/133 MP: 4/13
 16405 | Lair:2   | Killed Fannar
 16975 | Lair:3   | Found a gate leading to a gauntlet.
 17911 | Lair:4   | Reached skill level 15 in Fighting
 17989 | Lair:4   | Found a staircase to the Snake Pit.
 18051 | Lair:4   | Reached skill level 20 in Maces & Flails
 18052 | Lair:4   | Received a gift from Trog
 18650 | Lair:5   | Received a gift from Trog
 18651 | Lair:5   | Got a crystal great mace {god gift}
 18674 | Lair:5   | Identified the +1 great mace of Eternal Harmony {vamp, rF+
                  | Stlth+} (Trog gifted it to you on level 5 of the Lair of
                  | Beasts)
 18986 | Lair:5   | Found a runed door.
 18986 | Lair:5   | Found a viscous altar of Jiyva.
 18986 | Lair:5   | Found a staircase to the Slime Pits.
 19357 | Lair:6   | Entered Level 6 of the Lair of Beasts
 19540 | Lair:6   | Got a smoking buckler
 19547 | Lair:6   | Identified the +1 buckler of Compression {+Fly Dex+3} (You
                  | acquired it on level 6 of the Lair of Beasts)
 20234 | Lair:6   | Reached XP level 15. HP: 132/143 MP: 4/14
 20663 | Orc:1    | Entered Level 1 of the Orcish Mines
 20808 | Orc:1    | Found Piejauk's Weapon Emporium.
 20841 | Orc:1    | You fall through a shaft!
 20841 | Orc:2    | Entered Level 2 of the Orcish Mines
 20893 | Orc:2    | Found a staircase to the Elven Halls.
 20919 | Orc:2    | Received a gift from Trog
 20978 | Orc:2    | Found a roughly hewn altar of Beogh.
 21060 | Orc:2    | Found Elannel's Food Shoppe.
 21066 | Orc:2    | Reached skill level 21 in Maces & Flails
 21085 | Orc:2    | Found Gofeoddo's Weapon Shop.
 21306 | Orc:2    | Received a gift from Trog
 21452 | Orc:2    | Found Lischieq's General Store.
 21478 | Orc:2    | Found Lemido's Distillery.
 21539 | Orc:1    | Noticed Snorg
 21547 | Orc:1    | Killed Snorg
 21987 | Elf:1    | Entered Level 1 of the Elven Halls
 22065 | Elf:1    | Noticed Kirke
 22080 | Elf:1    | Killed Kirke
 22586 | Elf:1    | Noticed Asterion
 22600 | Elf:1    | Killed Asterion
 22848 | Elf:1    | Noticed Agnes
 22858 | Elf:1    | HP: 10/217 [Agnes/+0 lajatang of venom (2)]
 22859 | Elf:1    | Killed Agnes
 22861 | Elf:1    | Succumbed to Agnes's poison

Vault maps used:
D:1:      ebering_trefoil_3fold
D:2:      lemuel_coloured_pillars_altar, fiery_altar_vehumet, uniq_robin,
          uniq_crazy_yiuf_cottage
D:3:      marbit_many_paths, gammafunk_temple_overflow_wave,
          nicolae_overflow_hidden_temple
D:4:      lemuel_doored_altar, kennysheep_windowed_goal, uniq_ijyb, uniq_natasha
D:5:      first_ration
D:6:      minmay_temple_entry_proselytizer
D:7:      slow_altar_1, kennysheep_mini, serial_gnoll_camp,
          gnoll_camp_mini_basic, gnoll_camp_mini_loothouse, gnoll_camp_mini_hut,
          gnoll_camp_medium_01, gnoll_camp_mini_doghouse, gnoll_camp_huts_basic,
          minmay_alternating_orb, uniq_joseph
D:8:      serial_shops, shop
D:10:     gammafunk_ghost_spectres, enter_bailey_3
D:11:     grunt_lair_entry_orc_guard_hut, serial_shops, shop_coins,
          serial_glass, glass_columns_b, glass_columns_a
D:12:     orc_0_dummy, basic_altar, grunt_tengu_nest
D:13:     minmay_two_paths, serial_shops, shop
Lair:1:   kb_forest_paths, gammafunk_ghost_arena,
          nicolae_lair_grove_arrangements
Lair:2:   minmay_swamp_entry_reptiles, nicolae_volcano_entry_s_turn,
          serial_bayou_shore_b, minmay_lair_oklob_chamber, lemuel_fruit_fields,
          infiniplex_staircase_pool_2, uniq_fannar
Lair:3:   gauntlet_entry_generic, beast_lair_carwin_4, grunt_megastairs_3,
          lemuel_fruit_fields
Lair:4:   minmay_snake_entry_six_corridors, minmay_lair_drake_nest
Lair:5:   slime_altar_2, lemuel_fruit_tree, grunt_megastairs_2,
          lemuel_fruit_fields
Lair:6:   due_jungle_book
Orc:1:    serial_shops, shop, uniq_snorg
Orc:2:    st_orc_town
Elf:1:    elf_arrival_001, serial_shops, shop, minmay_elf_sorcery, minivault_26,
          minivault_20, uniq_kirke, uniq_asterion, uniq_agnes
Bailey:   bailey_axe_2, bailey
Volcano:  kennysheep_volcano_temple

Skill      XL: |  1  2  3  4  5  6  7  8  9 10 11 12 13 14 15 |
---------------+----------------------------------------------+-----
Maces & Flails | 4 5 6 7 8 9 11 13 15 16 17 19 20 21 | 21.7
Fighting       | 4 5 6 7 8 10 11 12 13 14 15 16 | 16.3
Armour         | 4 7 9 11 13 14 | 14.0
Throwing       | 8 |  8.1
Dodging        | |  2.1

Action                   |  1- 3 |  4- 6 |  7- 9 | 10-12 | 13-15 || total
-------------------------+-------+-------+-------+-------+-------++-------
Melee: Mace              |    68 |   111 |       |       |       ||   179
       Headbutt          |     6 |    22 |    68 |   169 |   184 ||   449
       Flail             |       |     8 |   350 |   723 |       ||  1081
       Unarmed           |       |       |    27 |       |       ||    27
       Great mace        |       |       |       |    90 |   964 ||  1054
Invok: Berserk           |     1 |     2 |     2 |     7 |     5 ||    17
       Trog's Hand       |       |       |     2 |     3 |     3 ||     8
       Brothers in Arms  |       |       |       |       |     1 ||     1
  Use: Scroll            |       |     7 |     1 |     8 |    15 ||    31
       Potion            |       |       |       |     1 |     8 ||     9
 Stab: Sleeping          |       |       |     1 |       |       ||     1
       Distracted        |       |       |       |     1 |       ||     1
  Eat: Chunk             |     1 |     9 |    13 |    22 |    26 ||    71
       Ration            |       |       |     1 |     3 |     4 ||     8
Armor: Animal skin       |    21 |    22 |    48 |       |       ||    91
       Plate armour      |       |       |    69 |   384 |   487 ||   940
       Acid dragon scale |       |       |       |     1 |    15 ||    16
       Fire dragon scale |       |       |       |       |     8 ||     8
Dodge: Dodged            |    56 |    72 |   161 |   238 |   260 ||   787
Block: Other             |       |       |    42 |   124 |   126 ||   292
       Reflection        |       |       |     2 |    12 |     4 ||    18

Table legend:
 A = Non-vault XP
 B = Vault XP
 C = Vault XP percentage of total XP
 D = Non-vault monster count
 E = Vault monster count
 F = Vault count percentage of total count
                 A         B        C        D         E       F
            +---------+---------+-------+---------+---------+-------
      Total |   82213 |   50276 |  37.9 |     556 |     264 |  32.2
            +---------+---------+-------+---------+---------+-------
        D:1 |      29 |       0 |   0.0 |      18 |       0 |   0.0
        D:2 |      98 |      71 |  42.0 |      30 |       8 |  21.1
        D:3 |      43 |       2 |   4.4 |      18 |       1 |   5.3
        D:4 |     554 |     193 |  25.8 |      17 |       5 |  22.7
        D:5 |     777 |       0 |   0.0 |      31 |       0 |   0.0
        D:6 |     470 |     172 |  26.8 |      18 |       2 |  10.0
        D:7 |    1509 |    2670 |  63.9 |      33 |      54 |  62.1
        D:8 |    2279 |       0 |   0.0 |      30 |       0 |   0.0
        D:9 |    3040 |       0 |   0.0 |      34 |       0 |   0.0
       D:10 |    2629 |    2060 |  43.9 |      31 |      11 |  26.2
       D:11 |    8546 |     628 |   6.8 |      65 |       5 |   7.1
       D:12 |    8844 |     873 |   9.0 |      28 |       1 |   3.4
       D:13 |    6369 |    5467 |  46.2 |      29 |      12 |  29.3
     Lair:1 |    3679 |    6184 |  62.7 |      15 |      21 |  58.3
     Lair:2 |    4562 |    3192 |  41.2 |      17 |       7 |  29.2
     Lair:3 |    4965 |    1158 |  18.9 |      23 |       6 |  20.7
     Lair:4 |    2695 |    3490 |  56.4 |       8 |      18 |  69.2
     Lair:5 |    7427 |    2642 |  26.2 |      26 |      11 |  29.7
     Lair:6 |   12017 |       0 |   0.0 |      37 |       0 |   0.0
      Orc:1 |    1617 |    1101 |  40.5 |      19 |       1 |   5.0
      Orc:2 |    1889 |    4560 |  70.7 |      16 |      51 |  76.1
      Elf:1 |    8175 |   10726 |  56.7 |      13 |       8 |  38.1
     Bailey |       0 |     348 | 100.0 |       0 |      34 | 100.0
    Volcano |       0 |    4739 | 100.0 |       0 |       8 | 100.0
            +---------+---------+-------+---------+---------+-------
